Map: Submarine LE

Players

FLORENCIO - Winner!

  • Race: Terran Terran
  • League: Bronze
  • Spawn Location: 11:00

Hanker

  • Race: Zerg Zerg
  • League: Platinum
  • Spawn Location: 5:00

VOD

Have the link to the VOD?

Description

Time

  • Played on: March 28, 2021, 12:37 a.m.
  • Length: 21:56
Show
View Real Time Build Order
Export as new Build Order

FLORENCIO Terran - Winner!

Build Orders:  

Get SALT Encoding   

  12  0:02  SCV  
  13  0:14  SCV  
  14  0:24  Supply Depot  
  14  0:26  SCV  
  15  0:39  Refinery  
  15  0:46  SCV  
  15  0:48  Barracks  
  16  0:58  SCV  
  17  1:06  Barracks  
  17  1:10  SCV  
  18  1:22  SCV  
  19  1:34  SCV  
  20  1:47  SCV  
  21  1:54  Marine, Bunker  
  22  2:00  Reaper  
  22  2:01  Supply Depot  
  23  2:13  Supply Depot  
  23  2:22  Marine  
  24  2:24  Bunker  
  24  2:29  Bunker  
  24  2:32  Marine  
  24  2:36  SCV  
  26  2:40  Marine, Refinery  
  27  2:48  SCV  
  28  2:58  Marine  
  29  3:11  SCV  
  30  3:16  Marine  
  31  3:22  Factory  
  31  3:23  SCV  
  31  3:25  Barracks Tech Lab  
  32  3:34  Marine  
  32  3:35  SCV  
  34  3:47  SCV, Marauder  
  37  3:52  Marine  
  38  4:00  SCV  
  39  4:07  Factory Tech Lab  
  39  4:09  Bunker  
  39  4:11  Starport  
  39  4:19  Supply Depot  
  39  4:24  Supply Depot  
  39  4:36  Marauder  
  38  4:44  Siege Tank  
  40  4:47  Starport Tech Lab  
  40  4:51  Supply Depot  
  37  4:54  Engineering Bay  
  37  5:16  Marine  
  38  5:26  Command Center  
  38  5:30  Command Center  
  38  5:47  SCV  
  38  5:48  Banshee  
  42  5:52  Supply Depot  
  42  5:59  SCV  
  43  6:10  Command Center  
  43  6:11  SCV  
  44  6:17  Supply Depot  
  44  6:23  SCV  
  45  6:31  Liberator  
  48  6:35  Orbital Command  
  48  6:47  SCV, Refinery  
  48  6:48  Refinery  
  49  6:59  Planetary Fortress, SCV  
  50  7:11  SCV  
  50  7:14  Liberator  
  53  7:37  SCV  
  54  7:49  SCV  
  55  8:01  SCV x3  
  58  8:13  SCV, Starport  
  58  8:14  Starport  
  58  8:15  Starport  
  58  8:16  Factory  
  58  8:18  Factory  
  59  8:27  SCV  
  59  8:29  Refinery  
  59  8:31  Planetary Fortress  
  59  8:32  Refinery  
  60  8:45  Armory, Ghost Academy x2  
  60  8:52  SCV  
  60  8:53  Missile Turret  
  61  9:04  SCV  
  61  9:07  SCV x2  
  61  9:08  SCV  
  65  9:16  SCV  
  66  9:19  SCV  
  66  9:20  SCV  
  68  9:36  Widow Mine x2  
  68  9:37  Widow Mine  
  74  9:40  SCV x3  
  74  9:44  Refinery  
  74  9:45  Missile Turret  
  77  9:52  SCV  
  77  9:58  Widow Mine x2  
  77  9:59  Planetary Fortress  
  81  10:03  SCV  
  82  10:07  Factory  
  82  10:08  Starport Tech Lab x2  
  82  10:09  Starport Tech Lab  
  82  10:14  Personal Cloaking  
  82  10:15  SCV  
  77  10:21  Missile Turret  
  77  10:22  Missile Turret  
  77  10:27  SCV  
  78  10:31  Widow Mine x3  
  81  10:36  Missile Turret  
  81  10:37  Missile Turret  
  81  10:42  Missile Turret  
  81  10:43  SCV x2  
  81  10:44  SCV  
  84  10:52  Widow Mine x2  
  84  10:55  SCV  
  86  11:04  SCV x2  
  86  11:06  Widow Mine  
  86  11:08  SCV  
  86  11:10  Missile Turret  
  91  11:12  Missile Turret  
  91  11:14  Widow Mine x2  
  95  11:21  Refinery  
  95  11:27  Widow Mine  
  97  11:34  Nuke  
  97  11:35  Widow Mine x2  
  97  11:37  Ghost  
  97  11:39  Nuke  
  103  11:44  Missile Turret  
  103  11:45  Missile Turret  
  103  11:49  Widow Mine  
  105  11:59  SCV x3  
  108  12:07  Command Center  
  108  12:25  Widow Mine x3  
  108  12:27  Raven x2  
  108  12:28  Raven  
  108  12:29  Raven  
  122  12:46  Widow Mine x2  
  119  13:10  Raven x2  
  119  13:12  Nuke  
  123  13:18  Raven x2  
  127  13:23  Missile Turret  
  117  13:52  Nuke  
  117  13:53  Raven x2  
  121  14:01  Raven  
  123  14:33  Command Center  
  123  14:34  Raven  
  123  14:59  Raven x2  
  127  15:17  Raven  
  129  15:38  Widow Mine x3  
  129  15:39  Raven  
  129  15:42  Raven x2  
  141  15:59  Widow Mine  
  141  16:00  Raven  
  145  16:08  Ghost  
  147  16:22  Raven  
  147  16:25  Raven  
  124  17:27  Raven x2  
  124  17:28  Raven  
  124  17:35  Nuke  
  120  17:39  Supply Depot  
  119  17:44  Hellion  
  119  17:45  Hellion x2  
  125  18:06  Hellion x3  
  131  18:19  Planetary Fortress  
  131  18:31  Command Center x2  
  131  19:13  Barracks  
  131  19:20  Barracks  
  131  19:28  Corvid Reactor  
  131  19:43  Hellion x3  
  137  20:04  Hellion x2  
Show
View Real Time Build Order
Export as new Build Order

Hanker Zerg 

Build Orders: Hatch First 

Get SALT Encoding   

  12  0:00  Drone  
  13  0:13  Overlord  
  13  0:19  Drone  
  14  0:32  Drone x2  
  16  0:35  Drone  
  17  0:55  Hatchery  
  17  0:56  Drone  
  17  0:59  Extractor  
  17  1:01  Drone  
  17  1:19  Spawning Pool  
  17  1:20  Drone  
  17  1:23  Drone  
  18  1:32  Drone  
  19  2:06  Zergling x4  
  21  2:08  Queen  
  21  2:09  Queen  
  21  2:11  Drone x2  
  27  2:26  Spine Crawler  
  27  2:28  Spine Crawler  
  25  2:38  Zergling x6  
  28  2:58  Roach Warren  
  26  3:05  Zergling x4  
  26  3:06  Zergling x2  
  28  3:42  Overlord x3  
  28  4:03  Roach x6  
  34  4:46  Drone x2  
  34  4:47  Drone x4  
  40  4:57  Hatchery  
  38  5:19  Extractor  
  38  5:21  Lair  
  33  5:52  Hatchery  
  33  5:53  Drone x6  
  38  6:10  Roach x3  
  44  6:25  Overlord x2  
  44  6:52  Roach x7  
  44  6:53  Roach  
  60  7:03  Queen  
  60  7:04  Overlord x3  
  60  7:05  Overlord  
  62  7:17  Spore Crawler  
  62  7:19  Queen  
  62  7:22  Spore Crawler  
  62  7:25  Drone x5  
  67  7:43  Spore Crawler  
  66  7:47  Drone x2  
  66  7:48  Drone x5  
  66  8:27  Spire  
  65  8:39  Spore Crawler  
  64  8:42  Drone  
  64  8:43  Drone x6  
  64  8:44  Drone  
  72  8:51  Overseer  
  72  8:56  Drone x2  
  72  8:57  Drone x2  
  76  9:17  Hatchery  
  75  9:35  Queen x2  
  79  9:39  Mutalisk x5  
  79  9:40  Mutalisk x2  
  79  9:41  Extractor  
  79  9:43  Overlord x4  
  79  9:45  Extractor  
  91  10:05  Mutalisk x2  
  91  10:06  Mutalisk x3  
  101  10:36  Hatchery  
  100  10:50  Roach x4  
  100  10:51  Roach x4  
  114  11:23  Hatchery  
  113  11:34  Zergling x8  
  113  11:35  Zergling x8  
  121  11:43  Glial Reconstitution, Hydralisk Den  
  120  11:55  Drone x4  
  124  12:14  Hydralisk x3  
  130  12:17  Overlord x7  
  130  12:27  Overlord  
  130  13:09  Mutalisk, Hydralisk x2  
  130  13:10  Hydralisk x5  
  130  13:11  Hydralisk  
  130  13:12  Zergling x6, Roach x2  
  153  13:13  Zergling x10  
  148  13:57  Drone x2  
  148  13:58  Drone x6  
  148  13:59  Drone x3  
  159  14:12  Overseer  
  159  14:14  Queen  
  161  14:19  Zergling x2  
  161  14:20  Zergling x14  
  163  14:49  Hydralisk  
  163  14:50  Hydralisk x7  
  163  14:51  Hydralisk x2  
  183  15:02  Evolution Chamber  
  183  15:04  Drone  
  183  15:05  Drone x7  
  183  15:06  Drone  
  191  15:07  Evolution Chamber  
  191  15:13  Extractor  
  191  15:14  Extractor  
  180  15:41  Metabolic Boost  
  180  15:46  Roach x5, Hydralisk  
  180  15:47  Roach, Hydralisk x2  
  180  15:48  Zergling x4  
  171  16:34  Zergling x6  
  171  16:35  Zergling x14  
  159  16:59  Zergling x10  
  159  17:00  Zergling x4  
  65  17:26  Hatchery  
  63  17:32  Zerg Ground Armor Level 1  
  63  17:33  Zerg Missile Weapons Level 1  
  59  17:41  Extractor  
  59  17:42  Hydralisk x5  
  59  17:43  Hydralisk x5  
  67  17:45  Extractor  
  67  17:48  Overseer  
  67  17:49  Overseer x3  
  49  18:37  Mutalisk x5  
  49  18:38  Mutalisk x4  
  49  18:40  Hatchery  
  66  19:09  Mutalisk x2  
  66  19:10  Mutalisk x5  
  80  19:20  Hydralisk  
  82  19:54  Queen  
  59  21:01  Hydralisk x4  
  59  21:02  Hydralisk x2  
Tags
 
Add a new tag
Caveats
  • Supply blocks, unpowered buildings, or Contaminate may cause inaccurate times.
  • Supply counts are checked every 10 seconds.